 Dungeon Crawl Stone Soup version 0.21.1-1-g345015f (webtiles) character file.

95 lyrx the Conjurer (level 4, -5/30 HPs)
             Began as a Demonspawn Conjurer on Apr 5, 2018.
             Killed by divine providence
             ... invoked by an orc priest
              (12 damage)
             ... on level 3 of the Dungeon.
             The game lasted 00:19:46 (2870 turns).

lyrx the Conjurer (Demonspawn Conjurer)             Turns: 2870, Time: 00:19:47

Health: -5/30      AC:  7    Str: 14    XL:     4   Next: 39%
Magic:  0/7        EV: 11    Int: 17    God:
Gold:   186        SH:  0    Dex: 13    Spells: 0/7 levels left

rFire    . . .     SeeInvis .   d - +0 club
rCold    . . .     Gourm    .   (no shield)
rNeg     . . .     Faith    .   a - +0 robe
rPois    .         Spirit   +   (no helmet)
rElec    .         Reflect  .   (no cloak)
rCorr    .         Harm     .   f - +0 pair of gloves
MR       .....                  (no boots)
Stlth    ++........             (no amulet)
HPRegen  0.10/turn              (no ring)
MPRegen  0.10/turn              (no ring)

@: mighty, drained
A: iridescent scales 2, magic shield
a: no special abilities


You were on level 3 of the Dungeon.
You were not hungry.

You visited 1 branch of the dungeon, and saw 3 of its levels.

You collected 186 gold pieces.

Inventory:

Hand Weapons
 d - a +0 club (weapon)
Missiles
 h - 54 sling bullets (quivered)
 o - 13 poisoned needles
 p - 71 stones
Armour
 a - a +0 robe (worn)
 f - a +0 pair of gloves (worn)
Scrolls
 e - 3 scrolls of identify {unknown}
 g - a scroll of enchant weapon {unknown}
 i - a scroll of teleportation {unknown}
 j - a scroll of enchant armour {unknown}
 m - a scroll of random uselessness {unknown}
 q - a scroll of immolation {unknown}
Potions
 k - 3 potions of curing
 l - a potion of lignification {unknown}
 n - a potion of magic {unknown}
 r - a potion of might
 t - a potion of brilliance {unknown}
 u - a potion of berserk rage {unknown}
Books
 b - a book of Conjurations

   Spells                             Type                      Level
   a - Magic Dart                     Conjuration                  1
   b - Searing Ray                    Conjuration                  2
   c - Dazzling Spray                 Conjuration/Hexes            3
   d - Fulminant Prism                Conjuration/Hexes            4
   e - Force Lance                    Conjuration/Translocation    4
   f - Iskenderun's Mystic Blast      Conjuration                  4
Comestibles
 c - 2 rations
 s - a chunk of flesh


   Skills:
 + Level 0.2(0.0) Maces & Flails
 - Level 1.7(0.8) Dodging
 - Level 1.7(0.8) Stealth
 - Level 2.0(1.0) Spellcasting
 * Level 5.9(4.8) Conjurations


You couldn't memorise any spells.
You knew the following spells:

 Your Spells              Type           Power        Failure   Level  Hunger
a - Magic Dart            Conj           ###.         2%          1    ##.....
b - Searing Ray           Conj           ###...       4%          2    ###....
c - Iskenderun's Mystic   Conj           ###.....     28%         4    #####..


Dungeon Overview and Level Annotations

Branches:
Dungeon (3/15)

Altars:
Hepliaklqana

Annotations:
D:3 Verendum's ghost, amateur GrFi


Innate Abilities, Weirdness & Mutations

You are mostly covered in iridescent scales. (AC +4)
When hurt, damage is shared between your health and your magic reserves.


Message History

A worm and an orc priest come into view.
The hobgoblin hits you but does no damage.
The hobgoblin hits you but does no damage.
The orc priest mumbles some strange prayers to Beogh against you.
Beogh smites you!
A rat comes into view.
The orc priest mumbles some strange prayers to Beogh against you.
Beogh smites you!
* * * LOW HITPOINT WARNING * * *
The orc priest calls down the wrath of Beogh upon you.
Beogh smites you!
* * * LOW HITPOINT WARNING * * *
It was a potion of might.
You feel very mighty all of a sudden. The hobgoblin barely misses you.
It was a potion of curing.
You feel better. The hobgoblin hits you.
* * * LOW HITPOINT WARNING * * *
The orc priest mumbles some strange prayers to Beogh against you.
Beogh smites you!
You die...

.#...#.#......##......##### #...'
.....#.#............### ####.#
...#.#.#.....).<.#[.# #....#
##............####..# #.##.#
..##.#.##...........### #.##.#
#.##.#.....##.####....# #.##.#
#.##.###...##.#....##.# #.##.#
#....###.#....#.##.##.#### #.##.#
................@g.o.....# #.....
########.#.#....####..##.######รท#
#.......#....####....#....# #...
#.###############.##.#.#..# #..#
##.# #..o.##...#..# #..# (..#
###.########..# #... #### #...#
#######.####.# # #o### #........#
#.# # #.#####.######.# #.#


You could see an orc priest and a hobgoblin.

Vanquished Creatures
  2 adders (D:2)
  2 worms (D:2)
  A dart slug (D:1)
  3 leopard geckos
  2 orcs (D:3)
  7 bats
  5 giant cockroaches
  2 goblins
  9 hobgoblins
  4 jackals (D:2)
  2 quokkas
  8 frilled lizards
  8 kobolds
  6 rats
61 creatures vanquished.

Notes
Turn   | Place    | Note
-------+----------+-------------------------------------------
     0 | D:1      | lyrx the Demonspawn Conjurer began the quest for the Orb.
     0 | D:1      | Reached XP level 1. HP: 13/13 MP: 3/3
   324 | D:1      | Gained mutation: You are partially covered in iridescent scales. (AC +2) [demonic ancestry]
   324 | D:1      | Reached XP level 2. HP: 14/19 MP: 1/5
   391 | D:1      | Learned a level 2 spell: Searing Ray
  1286 | D:2      | Reached skill level 5 in Conjurations
  1286 | D:2      | Gained mutation: You are mostly covered in iridescent scales. (AC +4) [demonic ancestry]
  1286 | D:2      | Reached XP level 3. HP: 22/24 MP: 1/6
  1979 | D:2      | Gained mutation: When hurt, damage is shared between your health and your magic reserves. [demonic ancestry]
  1979 | D:2      | Reached XP level 4. HP: 30/30 MP: 4/7
  2356 | D:3      | Learned a level 4 spell: Iskenderun's Mystic Blast
  2436 | D:3      | Found a hazy altar of Hepliaklqana.
  2601 | D:3      | Noticed Verendum's ghost (amateur GrFi)
  2870 | D:3      | Killed from afar by an orc priest

Skill      XL: |  1  2 |
---------------+-------+-----
Conjurations   | 5 |  5.9
Maces & Flails | |  0.2
Dodging        | |  1.7
Stealth        | |  1.7
Spellcasting   | |  2.0

Action                   |  1- 3 |  4- 6 || total
-------------------------+-------+-------++-------
Melee: Unarmed           |     8 |       ||     8
       Club              |    63 |    15 ||    78
 Cast: Magic Dart        |    60 |    36 ||    96
       Searing Ray       |     6 |     2 ||     8
  Use: Potion            |       |     2 ||     2
  Eat: Chunk             |     6 |     4 ||    10
Armor: Robe              |    32 |     9 ||    41
Dodge: Dodged            |    51 |    16 ||    67
